 Dungeon Crawl Stone Soup version 0.30.1-3-gfc49f6343a (webtiles) character file.

Game seed: 5420596110544853727

29236 Peloso the Carver (level 13, -1/119 HPs)
             Began as a Minotaur Fighter on July 22, 2023.
             Was an Elder of Okawaru.
             Slain by an ettin
             ... wielding a +0 dire flail
              (8 damage)
             ... on level 9 of the Dungeon.
             The game lasted 00:35:12 (19216 turns).

Peloso the Carver (Minotaur Fighter)               Turns: 19216, Time: 00:35:12

Health: -1/119     AC: 20    Str: 28    XL:     13   Next: 14%
Magic:  12/13      EV: 12    Int: 12    God:    Okawaru [****..]
Gold:   1875       SH: 13    Dex: 12    Spells: 12/12 levels left

rFire   . . .        a - +3 long sword
rCold   . . .        d - +0 buckler
rNeg    . . .        T - +0 plate armour of Gehenna {Str+4 Int+7}
rPois   .            m - +2 hat {Stlth+}
rElec   .            (no cloak)
rCorr   .            (no gloves)
SInv    .            (no boots)
Will    .....        r - amulet of reflection Stlth
                     (no ring)
HPRegen 0.39/turn    (no ring)
MPRegen 0.13/turn

%: reflection
@: mighty, heroic
A: horns 2, retaliatory headbutt
a: Renounce Religion, Heroism, Finesse


You were on level 9 of the Dungeon.
You worshipped Okawaru.
Okawaru was greatly pleased with you.
You visited 4 branches of the dungeon, and saw 18 of its levels.
You also visited: Ossuary.

You collected 1875 gold pieces.

Inventory:

Hand Weapons
 a - a +3 long sword (weapon)
 b - a +0 dagger of flaming
Missiles
 K - a throwing net (quivered)
Armour
 c - a +0 scale mail
 d - a +0 buckler (worn)
 m - a +2 hat of stealth (worn)
 u - a +2 chain mail of poison resistance
 A - a +0 plate armour
 D - +0 swamp dragon scales
 T - the +0 plate armour of Gehenna (worn) {Str+4 Int+7}
   (Okawaru gifted it to you on level 3 of the Lair of Beasts)

   Str:       It affects your strength (+4).
   Int:       It affects your intelligence (+7).
Jewellery
 q - an amulet of faith
 r - an amulet of reflection (around neck)
 z - a ring of protection from fire
 B - a ring of resist corrosion
 E - a ring of wizardry
 F - an amulet of the acrobat
 G - a ring of fire
 J - a ring of see invisible
 O - a ring of willpower
Wands
 j - a wand of iceblast (10)
 y - a wand of mindburst (13)
 M - a wand of paralysis (8)
 S - a wand of flame (10)
Scrolls
 f - 3 scrolls of teleportation
 k - 3 scrolls of enchant weapon
 l - 3 scrolls of poison
 n - a scroll of blinking
 o - a scroll of silence
 p - a scroll of immolation
 s - 4 scrolls of amnesia
 t - 5 scrolls of noise
 x - 4 scrolls of fear
 C - a scroll of fog
Potions
 e - 7 potions of might
 g - 4 potions of mutation
 h - 4 potions of curing
 v - 2 potions of haste
 w - 2 potions of magic
 I - 5 potions of flight
 L - a potion of ambrosia
 N - a potion of invisibility
 P - 2 potions of resistance
 R - 3 potions of cancellation
 U - a potion of brilliance
 W - 2 potions of heal wounds


   Skills:
 + Level 12.6(17.6) Fighting
 + Level 3.4(14.5) Short Blades
 + Level 14.8(20.0) Long Blades
 + Level 13.4(18.4) Armour
 + Level 4.6(9.6) Dodging
 + Level 2.4(7.4) Stealth
 + Level 11.9(16.9) Shields
 + Level 1.9 Invocations
 + Level 0.9 Evocations


You had 12 spell levels left.
You didn't know any spells.
Your spell library contained the following spells:

 Spells                   Type           Power      Damage    Failure   Level
 Sandblast                Erth           0%         2d4       87%         1
 Blink                    Tloc           0%         N/A       95%         2
 Ensorcelled Hibernation  Hex/Ice        0%         N/A       95%         2
 Lesser Beckoning         Tloc           0%         N/A       95%         2
 Momentum Strike          Conj/Tloc      0%         3d8       95%         2
 Passwall                 Tmut/Erth      0%         N/A       95%         2
 Sublimation of Blood     Necr           0%         N/A       95%         2
 Wereblood                Tmut           0%         N/A       95%         2
 Stone Arrow              Conj/Erth      0%         3d7       99%         3
 Swiftness                Air            0%         N/A       99%         3
 Summon Hydra             Summ           Unusable   N/A       N/A         7

Dungeon Overview and Level Annotations

Branches:
Dungeon (13/15)            Temple (1/1) D:4            Lair (3/5) D:11
 Shoals (0/4) Lair:3        Snake (0/4) Lair:2          Orc (1/2) D:9
Ossuary (visited)
 Vaults: D:13-14

Altars:
Ashenzari
Cheibriados
Dithmenos
Elyvilon
Fedhas
Gozag
Hepliaklqana
Kikubaaqudgha
Makhleb
Nemelex Xobeh
Okawaru
Qazlal
Ru
Sif Muna
Trog
Uskayaw
Vehumet
Wu Jian
Xom
Yredelemnul
Zin
The Shining One

Shops:
D:1 *

Portals:
Trove: D:12 (give +4 storm dragon scales)

Annotations:
D:2 1 runed translucent door


Innate Abilities, Weirdness & Mutations

You have a pair of horns on your head.
You reflexively headbutt those who attack you in melee.


Message History

The orc knight roars a battlecry!
The orcs go into a battle-frenzy!
There is a staircase back to the Dungeon here.
The orc warrior hits you from afar with a +0 glaive!
You climb upwards.
Welcome back to the Dungeon!
There is a staircase to the Orcish Mines here.
As you read the scroll of identify, it crumbles to dust.
P - 2 potions of resistance You start resting.
HP restored.
Okay, then.
You gain the combat prowess of a mighty hero.
You feel very mighty all of a sudden.
There is a staircase to the Orcish Mines here.
You climb downwards.
Welcome back to the Orcish Mines!
The ettin hits you with a +0 dire flail.
The ettin hits you with a +0 dire flail!!
There is a staircase back to the Dungeon, spattered with blood here.
The orc knight roars a battlecry!
The orcs go into a battle-frenzy!
You block the ettin's attack.
The ettin hits you with a +0 dire flail!!
You block the orc warrior's attack.
You hear a howl!
You climb upwards.
Welcome back to the Dungeon!
There is a staircase to the Orcish Mines here.
You barely miss the ettin.
The ettin hits you with a +0 dire flail!
The ettin hits you with a +0 dire flail!!
* * * LOW HITPOINT WARNING * * *
You hit the ettin but do no damage. You slash the ettin!
You headbutt the ettin!
The ettin is heavily wounded.
The ettin hits you with a +0 dire flail!
* * * LOW HITPOINT WARNING * * *
You block the ettin's attack.
You slash the ettin! Your headbutt misses the ettin.
The ettin is severely wounded.
The ettin hits you with a +0 dire flail!
You die...

# ### ### ###
###8###.###8#######
.#...#...#...#.≈≈≈#
.............#.§§§#
.............'.§@§#
.............#.C§§#
.#...#...#...#.≈§≈#
###8###8###8#######
# ### ### ###


You could see an ettin.

Vanquished Creatures
  4 hydras
  A centaur warrior (D:13)
  A two-headed ogre (D:12)
  Sonja (Lair:3)
  Pikel (D:5)
  A deep elf pyromancer (D:12)
  A manticore (D:11)
  A salamander (Lair:2)
  An ugly thing (D:12)
  Maurice (D:8)
  A black mamba (Lair:3)
  A gargoyle (D:12)
  11 rime drakes
  A cane toad (Lair:2)
  Maggie (D:7)
  2 kobold demonologists
  An unseen horror (D:9)
  4 komodo dragons
  5 trolls
  A snapping turtle (Lair:3)
  A hornet (Lair:2)
  Prince Ribbit (D:5)
  A wyvern (D:10)
  A spriggan (Lair:3)
  43 yaks
  2 basilisks
  2 humans (D:11)
  7 steam dragons (Lair:2)
  2 acid dragons
  9 water moccasins
  4 black bears
  3 sky beasts
  7 orc warriors
  3 ogres
  8 wolves (Lair:2)
  5 centaurs
  A lemure (D:5)
  A kobold brigand (D:8)
  7 bullfrogs
  2 scorpions
  A gnoll sergeant (D:9)
  9 wights (D:7)
  11 killer bees
  6 howler monkeys
  A crimson imp (D:8)
  2 lava snakes (Lair:2)
  3 hounds (D:6)
  2 jellies
  2 human zombies (Ossuary)
  9 orc priests
  4 gnoll boudas
  9 iguanas
  3 sleepcaps
  10 orc wizards
  4 mummies (Ossuary)
  24 gnolls
  10 adders
  A shadow imp (D:6)
  A white imp (D:7)
  2 ufetubi
  An adder zombie (Ossuary)
  3 dart slugs
  43 orcs
  7 bats
  6 endoplasms
  4 giant cockroaches
  2 gnoll zombies (Ossuary)
  7 goblins
  8 hobgoblins
  5 jackals (D:1)
  11 kobolds
  8 quokkas
  14 ball pythons
  7 frilled lizards
  A jackal zombie (Ossuary)
  4 kobold zombies (Ossuary)
  2 orc zombies (Ossuary)
  4 rats
402 creatures vanquished.

Vanquished Creatures (others)
  A kobold brigand (D:9)
1 creature vanquished.

Grand Total: 403 creatures vanquished

Notes
Turn   | Place    | Note
-------+----------+-------------------------------------------
     0 | D:1      | Peloso the Minotaur Fighter began the quest for the Orb.
     0 | D:1      | Reached XP level 1. HP: 19/19 MP: 0/0
   183 | D:1      | Reached XP level 2. HP: 27/27 MP: 1/1
   411 | D:1      | Found Zyefforgh's Assorted Antiques.
   658 | D:2      | Reached XP level 3. HP: 23/33 MP: 2/2
  1249 | D:2      | Reached skill level 3 in Long Blades
  1334 | D:2      | Found a runed translucent door.
  1445 | D:3      | Reached skill level 1 in Dodging
  1445 | D:3      | Reached XP level 4. HP: 41/41 MP: 3/3
  1505 | D:3      | Found a stormy altar of Qazlal.
  1505 | D:3      | Noticed a sky beast
  1513 | D:3      | Killed a sky beast
  1514 | D:3      | Reached XP level 5. HP: 47/47 MP: 4/4
  1615 | D:3      | Reached skill level 4 in Long Blades
  1820 | D:3      | Found a faded altar of an unknown god.
  2332 | D:4      | Found a snail-covered altar of Cheibriados.
  2370 | D:4      | Reached skill level 5 in Armour
  2382 | D:4      | Reached XP level 6. HP: 31/53 MP: 5/5
  2550 | D:4      | Reached skill level 5 in Long Blades
  2715 | D:4      | Found a staircase to the Ecumenical Temple.
  3001 | D:4      | Reached skill level 5 in Fighting
  3162 | Temple   | Entered the Ecumenical Temple
  3181 | Temple   | Became a worshipper of Warmaster Okawaru
  3225 | D:5      | Entered Level 5 of the Dungeon
  3282 | D:5      | Reached skill level 5 in Shields
  3282 | D:5      | Reached XP level 7. HP: 49/61 MP: 6/6
  3348 | D:5      | Found a broken altar of Ashenzari.
  3348 | D:5      | Found an ancient bone altar of Kikubaaqudgha.
  3462 | D:5      | Reached skill level 6 in Long Blades
  3657 | D:5      | Noticed Prince Ribbit
  3665 | D:5      | Noticed Pikel
  3694 | D:5      | Killed Pikel
  3694 | D:5      | Reached * piety under Okawaru
  3695 | D:5      | Reached skill level 7 in Long Blades
  3695 | D:5      | Reached XP level 8. HP: 31/70 MP: 7/7
  3711 | D:5      | Killed Prince Ribbit
  3711 | D:5      | Reached ** piety under Okawaru
  3712 | D:5      | Reached skill level 8 in Long Blades
  3712 | D:5      | Reached skill level 1 in Stealth
  3983 | D:5      | Found an ornate altar of the Wu Jian Council.
  4416 | D:6      | Found a sacrificial altar of Ru.
  4445 | D:6      | Found a sand-covered staircase.
  4449 | Ossuary  | Entered an ossuary
  4890 | D:6      | Found a blossoming altar of Fedhas.
  5463 | D:7      | Reached XP level 9. HP: 52/76 MP: 8/8
  5579 | D:7      | Noticed Maggie
  5597 | D:7      | Killed Maggie
  5598 | D:7      | Reached skill level 9 in Long Blades
  5750 | D:7      | Reached *** piety under Okawaru
  6259 | D:7      | Reached skill level 10 in Long Blades
  6880 | D:8      | Noticed Maurice
  6892 | D:8      | Killed Maurice
  6893 | D:8      | Reached XP level 10. HP: 70/88 MP: 7/9
  6893 | D:8      | Reached **** piety under Okawaru
  7124 | D:8      | Reached skill level 11 in Long Blades
  7200 | D:8      | Reached skill level 1 in Invocations
  7234 | D:8      | Found a radiant altar of Vehumet.
  7467 | D:8      | Found a burning altar of Makhleb.
  7800 | D:9      | Received a gift from Okawaru
  8007 | D:9      | Reached skill level 12 in Long Blades
  8138 | D:9      | Found a shadowy altar of Dithmenos.
  8291 | D:9      | Noticed an orange demon
  8297 | D:9      | Noticed a sun demon
  8587 | D:9      | Found a bloodstained altar of Trog.
  8916 | D:9      | Found a staircase to the Orcish Mines.
  8927 | D:9      | Reached XP level 11. HP: 51/97 MP: 10/10
  9169 | D:10     | Entered Level 10 of the Dungeon
  9633 | D:10     | Found a shimmering altar of Xom.
  9685 | D:10     | Found a sparkling altar of Nemelex Xobeh.
  9686 | D:10     | Found a hide-covered altar of Uskayaw.
  9688 | D:10     | Found a hazy altar of Hepliaklqana.
  9802 | D:10     | Reached skill level 10 in Armour
 10030 | D:10     | Found a white marble altar of Elyvilon.
 10184 | D:11     | Reached ***** piety under Okawaru
 10185 | D:11     | Reached skill level 13 in Long Blades
 10193 | D:11     | You fall into a shaft and drop 2 floors!
 10225 | D:13     | Noticed a centaur warrior
 10235 | D:13     | Killed a centaur warrior
 10283 | D:13     | Found the +1 cloak of Starlight {*Dazzle EV+4 Stlth--}
 10577 | D:12     | Reached skill level 10 in Fighting
 10751 | D:12     | Noticed a deep elf pyromancer
 10830 | D:11     | Identified the +1 pair of boots of Kleptomania {Harm +Inv
                  | Fly rN+} (Okawaru gifted it to you on level 11 of the
                  | Dungeon)
 10830 | D:11     | Received a gift from Okawaru
 11522 | D:11     | Found a staircase to the Lair.
 11611 | D:11     | Found an iron altar of Okawaru.
 11764 | Lair:1   | Entered Level 1 of the Lair of Beasts
 11805 | Lair:1   | Reached skill level 14 in Long Blades
 11817 | Lair:1   | Reached skill level 10 in Shields
 12636 | Lair:1   | Reached XP level 12. HP: 107/108 MP: 12/12
 13970 | Lair:2   | Noticed a five-headed hydra
 14020 | Lair:1   | HP: 3/110 [five-headed hydra (10)]
 14606 | Lair:1   | Killed a five-headed hydra
 14662 | Lair:2   | Reached skill level 1 in Short Blades
 15052 | Lair:2   | Identified the +4 leather armour "Maogiwal" {Int+3}
 15198 | Lair:2   | Found a staircase to the Snake Pit.
 15917 | Lair:2   | Noticed an eight-headed hydra
 15936 | Lair:2   | Killed an eight-headed hydra
 16840 | Lair:3   | Noticed Sonja
 16853 | Lair:3   | Killed Sonja
 16853 | Lair:3   | Identified the +0 plate armour of Gehenna {Str+4 Int+7}
                  | (Okawaru gifted it to you on level 3 of the Lair of Beasts)
 16853 | Lair:3   | Received a gift from Okawaru
 17058 | Lair:3   | Noticed a six-headed hydra
 17070 | Lair:3   | Killed a six-headed hydra
 17166 | Lair:3   | Noticed an eight-headed hydra
 17179 | Lair:3   | Killed a nine-headed hydra
 17180 | Lair:3   | Reached XP level 13. HP: 49/119 MP: 10/13
 17533 | Lair:3   | Found a staircase to the Shoals.
 18593 | D:12     | Found a portal to a secret trove of treasure.
 19061 | Orc:1    | Entered Level 1 of the Orcish Mines
 19109 | Orc:1    | Noticed an ettin
 19216 | D:9      | Slain by an ettin

Illustrated notes

Levels and vault maps discovered:
D:1:      minmay_arrival_diagonal_passages, layout_rooms, serial_shops,
          nicolae_shop_back_alley_shop
D:2:      layout_basic, uniq_crazy_yiuf_cottage
D:3:      layout_loops_ring, nicolae_qazlal_beasts_of_the_sky,
          basic_ecumenical_altar, nicolae_figureground_sparkle
D:4:      layout_loops_ring, lemuel_tele_altar, minmay_temple_entry_ruins
D:5:      layout_basic, nicolae_wu_jian_wuxing_cycle,
          gammafunk_temple_overflow_wave, uniq_prince_ribbit1, uniq_pikel
D:6:      layout_loops_ring, nicolae_overflow_hidden_temple,
          overflow_temple_1_default, nicolae_ossuary_entry_false_entrances
D:7:      layout_rooms, uniq_maggie
D:8:      layout_basic, makhleb_grotto_becter, nicolae_vehumet_altar_sigil,
          uniq_maurice
D:9:      layout_loops_ring, grunt_dithmenos_smoke_and_mirrors,
          lemuel_round_altar, david_orc_4, grunt_ministairs_2,
          kennysheep_generic_room_6
D:10:     hellmonk_ruined_rings, layout_basic, mainiacjoe_overflow_paths,
          amcnicky_altar_gilded, grunt_temple_overflow_open, grunt_ministairs_13
D:11:     layout_big_octagon, due_lair_maze_entry_diamond, okawaru_humans
D:12:     layout_basic, enter_trove_1, dreamdust_princess_corridor
D:13:     layout_basic, nicolae_uskayaw_murder_on_the_dancefloor
Temple:   nicolae_temple_stand_before_the_council
Lair:1:   layout_cave_pods, infiniplex_staircase_pool_2, lemuel_fruit_fields,
          serial_bayou_shore_b
Lair:2:   layout_gridlike, nicolae_snake_entry_warm_welcome,
          bobbens_dragon_lair_wall
Lair:3:   layout_gridlike, minmay_shoals_entry_hut,
          grunt_forest_large_clearing_hut, uniq_sonja
Orc:1:    layout_caves, gammafunk_ghost_cemetery, basic_altar

Skill      XL: |  1  2  3  4  5  6  7  8  9 10 11 12 |
---------------+-------------------------------------+-----
Shields        | 4 5 6 7 9 10 11 | 11.9
Armour         | 4 5 6 7 8 9 11 13 | 13.4
Fighting       | 4 5 6 8 9 10 12 | 12.6
Long Blades    | 3 4 5 7 8 10 12 14 | 14.8
Dodging        | 1 2 3 4 |  4.6
Stealth        | 1 2 |  2.4
Invocations    | 1 |  1.9
Short Blades   | 3 |  3.4
Evocations     | |  0.9

Action                     |  1- 3 |  4- 6 |  7- 9 | 10-12 | 13-15 || total
---------------------------+-------+-------+-------+-------+-------++-------
  Melee: Long sword        |    99 |   153 |   363 |   915 |   112 ||  1642
         Headbutt          |    12 |    29 |    75 |   264 |    37 ||   417
         Dagger            |       |       |       |   110 |       ||   110
 Invoke: Heroism           |       |       |     3 |    15 |     3 ||    21
  Evoke: Wand              |       |       |     2 |     4 |       ||     6
    Use: Potion            |     4 |       |     3 |     6 |     1 ||    14
         Scroll            |     3 |       |     9 |     5 |     8 ||    25
   Stab: Sleeping          |       |       |     1 |       |       ||     1
 Armour: Scale mail        |    79 |    64 |    62 |       |       ||   205
         Plate armour      |       |       |    59 |   432 |     8 ||   499
         Chain mail        |       |       |       |    95 |       ||    95
  Dodge: Dodged            |    75 |    61 |   112 |   335 |     9 ||   592
  Block: Buckler           |    30 |    61 |   198 |   601 |    30 ||   920
         Reflection        |       |     3 |     6 |    19 |       ||    28
